 Dungeon Crawl Stone Soup version 0.29.1-1-gd02db6906a (webtiles) character file.

Game seed: 16657793470522674535

505 mortz the Conjurer (level 6, -1/32 HPs)
             Began as a Deep Elf Conjurer on Oct 18, 2022.
             Slain by Edmund
             ... wielding a +1 flail of venom
              (5 damage)
             ... on level 4 of the Dungeon.
             The game lasted 00:17:05 (4513 turns).

mortz the Conjurer (Deep Elf Conjurer)              Turns: 4513, Time: 00:17:06

Health: -1/32      AC: 11    Str:  4    XL:     6   Next: 96%
Magic:  2/17       EV: 27    Int: 29    God:
Gold:   198        SH:  0    Dex: 13    Spells: 14/17 levels left

rFire   + . .      SeeInvis .   v - +4 hammer
rCold   . . .      Faith    .   (no shield)
rNeg    . . .      Spirit   .   a - +0 robe
rPois   .          Reflect  .   n - +2 helmet of Beogh's Outrage {*Corrode Regen+ Int+4}
rElec   .          Harm     .   q - +0 cloak
rCorr   .          Rampage  .   s - +0 pair of gloves
Will    .....                   (no boots)
Stlth   +++.......              u - amulet of the acrobat
HPRegen 0.90/turn               i - +4 ring of protection
MPRegen 0.15/turn               o - ring of protection from fire

@: lethally poisoned (-1 -> -10), acrobatic
A: no striking features
a: no special abilities


You were on level 4 of the Dungeon.
You visited 1 branch of the dungeon, and saw 4 of its levels.

You collected 198 gold pieces.

Inventory:

Hand Weapons
 d - a +0 hand axe
 g - a +0 dagger
 t - a +1 dagger of venom
 v - a +4 hammer (weapon)
Armour
 a - a +0 robe (worn)
 c - a +0 leather armour
 n - the +2 helmet of Beogh's Outrage (worn) {*Corrode Regen+ Int+4}
   (You found it on level 4 of the Dungeon)

   Int:       It affects your intelligence (+4).
   Regen:     It increases your rate of health regeneration.
   *Corrode:  It may corrode you when you take damage.
 q - a +0 cloak (worn)
 s - a +0 pair of gloves (worn)
Jewellery
 i - a +4 ring of protection (left hand)
 o - a ring of protection from fire (right hand)
 u - an amulet of the acrobat (around neck)
Wands
 p - a wand of light (6)
Scrolls
 h - a scroll of enchant weapon {unknown}
 k - a scroll of teleportation {unknown}
 l - a scroll of immolation {unknown}
 y - a scroll of magic mapping {unknown}
Potions
 b - a potion of magic
 e - 3 potions of flight
 f - a potion of heal wounds
 j - 2 potions of curing
 m - 2 potions of haste
 r - a potion of lignification
 w - 2 potions of attraction {unknown}
 x - a potion of might {unknown}


   Skills:
 + Level 2.8 Dodging
 + Level 4.4 Stealth
 + Level 6.3 Spellcasting
 + Level 7.1 Conjurations


You had 14 spell levels left.
You knew the following spells:

 Your Spells              Type           Power      Damage    Failure   Level
a - Magic Dart            Conj           100%       1d8       1%          1
b - Searing Ray           Conj           100%       2d8       1%          2

Your spell library contained the following spells:

 Spells                   Type           Power      Damage    Failure   Level
 Conjure Flame            Conj/Fire      29%        6-21      3%          3
 Dazzling Flash           Conj/Hex       58%        N/A       3%          3
 Fulminant Prism          Conj/Hex       14%        3d9       13%         4
 Iskenderun's Mystic Bla  Conj/Tloc      29%        2d7       13%         4
 Sticky Flame             Conj/Fire      29%        2d5       13%         4
 Call Canine Familiar     Summ           9%         N/A       17%         3
 Ignite Poison            Fire/Tmut/Pois 9%         N/A       17%         3
 Portal Projectile        Hex/Tloc       18%        N/A       17%         3
 Leda's Liquefaction      Hex/Erth       4%         N/A       50%         4
 Agony                    Necr           9%         N/A       83%         5
 Silence                  Hex/Air        4%         N/A       83%         5


Dungeon Overview and Level Annotations

Branches:
Dungeon (4/15) Zot: 19486
 Temple: D:4-7

Altars:
Gozag
Okawaru
Zin

Shops:
D:3 :

Annotations:
D:4 Edmund


Message History

Confirm with . or Enter, or press ? or * to list all spells.
Aiming: Searing Ray (safe; 1% risk of failure)
Press: ? - help, Shift-Dir - straight line, f/p - Edmund
Aim: Edmund, wielding a +1 flail of venom and wearing a +0 scale mail (moderately wounded, 85% to hit)
The searing ray hits Edmund.
Edmund is heavily wounded. (Press . to maintain the ray.) Edmund hits you but does no damage.
The searing ray hits Edmund.
Edmund is heavily wounded.
Edmund hits you with a +1 flail of venom!
You are poisoned.
The searing ray hits Edmund.
Edmund is severely wounded.
You feel very sick. Edmund completely misses you.
The searing ray hits Edmund.
Edmund is severely wounded.
You finish channelling your searing ray.
You feel very sick.
Edmund hits you with a +1 flail of venom.
You are more poisoned.
Casting: Searing Ray (safe; 1% risk of failure)
Confirm with . or Enter, or press ? or * to list all spells.
Aiming: Searing Ray (safe; 1% risk of failure)
Press: ? - help, Shift-Dir - straight line, f/p - Edmund
Aim: Edmund, wielding a +1 flail of venom and wearing a +0 scale mail (severely wounded, 85% to hit)
The searing ray hits Edmund.
Edmund is almost dead. (Press . to maintain the ray.)
You feel very sick.
Edmund hits you with a +1 flail of venom.
* * * LOW HITPOINT WARNING * * *
You are lethally poisoned!
The searing ray hits Edmund.
Edmund is almost dead.
* * * LOW HITPOINT WARNING * * *
You feel very sick.
Edmund hits you with a +1 flail of venom.
You die...

#.# #.######## #.##.....###
#.#........###
#............####
#...............##
###.............#..##
######................#..##
#...........@.........##..##
##....#.......@>.......###..#
####...#####..............#
##.# ..#...##
#..............####.# ......#
##.................## ..#...#
##............##### ####..#
##......$.. .###..##
##........ ..##...### #......


You could see Edmund.

Vanquished Creatures
  Sigmund (D:4)
  An ogre (D:4)
  A kobold brigand (D:4)
  Crazy Yiuf (D:4)
  A hound (D:4)
  Robin (D:3)
  4 adders
  A worm (D:2)
  4 dart slugs
  2 ball pythons
  5 endoplasms
  4 giant cockroaches
  12 goblins
  6 hobgoblins
  2 jackals (D:3)
  3 quokkas
  3 bats
  2 frilled lizards
  6 kobolds
  11 rats
71 creatures vanquished.

Notes
Turn   | Place    | Note
-------+----------+-------------------------------------------
     0 | D:1      | mortz the Deep Elf Conjurer began the quest for the Orb.
     0 | D:1      | Reached XP level 1. HP: 10/10 MP: 6/6
   318 | D:1      | Reached XP level 2. HP: 14/15 MP: 4/8
   321 | D:1      | Learned a level 2 spell: Searing Ray
   447 | D:1      | Reached skill level 5 in Conjurations
  1104 | D:2      | Reached XP level 3. HP: 19/19 MP: 5/9
  1855 | D:2      | You fall into a shaft and drop 2 floors!
  1954 | D:4      | Noticed Sigmund
  1955 | D:4      | Noticed an ogre
  1971 | D:4      | Killed an ogre
  1972 | D:4      | Reached skill level 6 in Conjurations
  1972 | D:4      | Reached XP level 4. HP: 12/24 MP: 6/12
  1972 | D:4      | Reached XP level 5. HP: 14/28 MP: 6/13
  2356 | D:4      | Identified the +2 helmet of Beogh's Outrage {*Corrode
                  | Regen+ Int+4}
  2835 | D:3      | Found an opulent altar of Gozag.
  2858 | D:3      | Noticed Robin
  2861 | D:3      | Killed Robin
  2865 | D:3      | Reached skill level 5 in Spellcasting
  3066 | D:3      | Found an iron altar of Okawaru.
  3093 | D:3      | Found Vawal's Vocational Training.
  3421 | D:3      | Reached XP level 6. HP: 32/32 MP: 9/15
  3464 | D:3      | Found a glowing silver altar of Zin.
  3730 | D:4      | Found a runed translucent door.
  3731 | D:4      | Noticed Crazy Yiuf
  3737 | D:4      | Killed Crazy Yiuf
  3875 | D:4      | Noticed Edmund
  4266 | D:4      | Killed Sigmund
  4267 | D:4      | Reached skill level 7 in Conjurations
  4513 | D:4      | Slain by Edmund

Illustrated notes

Levels and vault maps discovered:
D:1:      minmay_arrival_arboretum_small, layout_basic
D:2:      layout_basic
D:3:      layout_loops_ring, zin_statuary, okawaru_metal_pillars_1_2,
          nicolae_gozag_cash_rules_everything_around_me,
          nicolae_shop_vocational, uniq_robin
D:4:      layout_layer_cave, hangedman_decor_slide_cut, uniq_edmund,
          uniq_crazy_yiuf_cottage, uniq_sigmund

Skill      XL: |  1  2  3  4  5  6 |
---------------+-------------------+-----
Conjurations   | 5 6 7 |  7.1
Stealth        | 3 4 |  4.4
Spellcasting   | 4 5 6 |  6.3
Dodging        | |  2.8

Action                   |  1- 3 |  4- 6 || total
-------------------------+-------+-------++-------
Melee: Dagger            |     2 |       ||     2
 Cast: Magic Dart        |    56 |    51 ||   107
       Searing Ray       |     4 |    13 ||    17
  Use: Scroll            |     3 |     3 ||     6
 Stab: Sleeping          |     2 |       ||     2
Armor: Robe              |     2 |     2 ||     4
Dodge: Dodged            |     9 |     8 ||    17
